 Dungeon Crawl Stone Soup version 0.27-a0-1147-gb3d8e82157 (webtiles) character file.

Game seed: 12435251594306694896

102 st0uf the Ruffian (level 4, -1/36 HPs)
             Began as a Draconian Transmuter on May 11, 2021.
             Succumbed to a scorpion's poison
             ... on level 4 of the Dungeon.
             The game lasted 00:08:27 (2747 turns).

st0uf the Ruffian (Draconian Transmuter)            Turns: 2747, Time: 00:08:28

Health: -1/36      AC:  5    Str: 13    XL:     4   Next: 49%
Magic:  7/7        EV: 13    Int: 14    God:
Gold:   128        SH:  0    Dex: 17    Spells: 1/7 levels left

rFire    . . .     SeeInvis .     - Unarmed
rCold    . . .     Faith    .   (no shield)
rNeg     . . .     Spirit   .   (armour unavailable)
rPois    .         Reflect  .   (helmet currently unavailable)
rElec    .         Harm     .   (no cloak)
rCorr    .         Rampage  .   (no gloves)
Will     .....                  (boots currently unavailable)
Stlth    ++........             l - amulet of the acrobat
HPRegen  0.12/turn              a - +6 ring of dexterity
MPRegen  0.10/turn              (no ring)

@: lethally poisoned (-1 -> -28), appendages (expiring)
A: horns 2, talons 2, AC +5, unfitting armour, cold-blooded
a: End Transformation


You were on level 4 of the Dungeon.
You had temporarily grown beastly horns and talons.
You visited 1 branch of the dungeon, and saw 4 of its levels.

You collected 128 gold pieces.

Inventory:

Missiles
 b - 51 stones
 j - 3 poisoned darts (quivered)
Jewellery
 a - a +6 ring of dexterity (left hand)
 l - an amulet of the acrobat (around neck)
Scrolls
 c - a scroll of teleportation {unknown}
 e - 2 scrolls of noise {unknown}
 h - 4 scrolls of identify {unknown}
 k - 4 scrolls of torment {unknown}
Potions
 f - a potion of degeneration {unknown}
 g - a potion of flight {unknown}
 i - a potion of attraction {unknown}


   Skills:
 + Level 1.9 Fighting
 + Level 2.4 Dodging
 + Level 1.4 Stealth
 + Level 3.5 Unarmed Combat
 + Level 2.4 Spellcasting
 + Level 2.6 Transmutations


You had one spell level left.
You knew the following spells:

 Your Spells              Type           Power      Damage    Failure   Level
a - Beastly Appendage     Tmut           18%        N/A       8%          1
b - Wereblood             Tmut           9%         N/A       12%         2
c - Spider Form           Tmut/Pois      2%         N/A       36%         3

Your spell library contained the following spells:

 Spells                   Type           Power      Damage    Failure   Level
 Ice Form                 Ice/Tmut       5%         N/A       78%         4
 Hydra Form               Tmut           4%         N/A       91%         5


Dungeon Overview and Level Annotations

Branches:
Dungeon (4/15)
 Temple: D:4-7

Altars:

Shops:
D:2 [

Annotations:
D:2 Sigmund


Innate Abilities, Weirdness & Mutations

You have temporarily grown beastly horns and talons.
Your plain brown scales are hard. (AC +5)
You cannot fit into any form of body armour.
You are cold-blooded and may be slowed by cold attacks.


Message History

The scorpion is severely wounded.
You feel sick. The scorpion misses you.
You hit the scorpion.
You claw the scorpion, but do no damage.
You headbutt the scorpion, but do no damage.
You tail-slap the scorpion, but do no damage.
The scorpion is severely wounded.
You feel sick. The scorpion closely misses you.
You hit the scorpion but do no damage.
You claw the scorpion, but do no damage.
Your headbutt misses the scorpion.
The scorpion is severely wounded.
You feel sick. The scorpion stings you!
* * * LOW HITPOINT WARNING * * *
You are lethally poisoned!
The scorpion poisons you! The scorpion closely misses you.
You hit the scorpion but do no damage. Your kick misses the scorpion.
The scorpion is severely wounded.
* * * LOW HITPOINT WARNING * * *
You feel sick. The scorpion barely misses you.
It was a potion of heal wounds.
You feel much better.
You feel sick. The scorpion stings you.
You are lethally poisoned!
The scorpion poisons you!
You hit the scorpion but do no damage.
You claw the scorpion, but do no damage.
The scorpion is severely wounded.
You feel very sick. The scorpion stings you.
You are more poisoned.
The scorpion poisons you!
You hit the scorpion.
The scorpion is almost dead.
* * * LOW HITPOINT WARNING * * *
You feel extremely sick. The scorpion closely misses you.
You closely miss the scorpion. Your kick misses the scorpion.
You tail-slap the scorpion, but do no damage.
The scorpion is almost dead.
You die...

# #########
###.#....... ..
........$.#..##
........s......
#@# #.# #.# #..
##+


You could see a scorpion.

Vanquished Creatures
  A centaur zombie (D:4)
  2 dart slugs
  4 orcs (D:3)
  8 endoplasms
  A giant cockroach (D:2)
  14 goblins
  3 hobgoblins
  2 quokkas
  6 ball pythons
  5 bats
  2 frilled lizards
  6 kobolds
  7 rats
61 creatures vanquished.

Notes
Turn   | Place    | Note
-------+----------+-------------------------------------------
     0 | D:1      | st0uf the Draconian Transmuter began the quest for the Orb.
     0 | D:1      | Reached XP level 1. HP: 16/16 MP: 3/3
   229 | D:1      | Reached XP level 2. HP: 16/23 MP: 3/5
   389 | D:1      | Found a faded altar of an unknown god.
   843 | D:1      | Reached XP level 3. HP: 25/28 MP: 4/6
  1289 | D:2      | Noticed Sigmund
  1407 | D:2      | Noticed an ogre
  1626 | D:2      | Found Jomul's Antique Armour Boutique.
  1849 | D:3      | Reached skill level 1 in Stealth
  2350 | D:3      | Learned a level 2 spell: Wereblood
  2354 | D:3      | Learned a level 3 spell: Spider Form
  2517 | D:3      | Reached XP level 4. HP: 34/36 MP: 7/7
  2735 | D:4      | Noticed a scorpion
  2747 | D:4      | Succumbed to a scorpion's poison

Illustrated notes

Levels and vault maps discovered:
D:1:      tarquinn_simple_flora_water_c, layout_basic, serial_glass,
          glass_columns_c, glass_columns_a,
          hellmonk_ecumenical_altar_inner_sanctum, corexii_leaking_fountain,
          minmay_crystal_water, solitary_fountain
D:2:      layout_basic, serial_shops, nicolae_shop_behind_doors, minivault_26,
          kennysheep_generic_room_8, uniq_sigmund
D:3:      layout_loops_cross
D:4:      layout_basic, lemuel_crystal_altar, minmay_temple_entry_waves

Skill      XL: |  1  2  3 |
---------------+----------+-----
Dodging        | 2 |  2.4
Stealth        | 1 |  1.4
Fighting       | |  1.9
Unarmed Combat | |  3.5
Spellcasting   | |  2.4
Transmutations | |  2.6

Action                   |  1- 3 |  4- 6 || total
-------------------------+-------+-------++-------
Melee: Unarmed           |   104 |    20 ||   124
       Headbutt          |    15 |     4 ||    19
       Kick              |    24 |     8 ||    32
       Tailslap          |    10 |     5 ||    15
       Punch             |     1 |     2 ||     3
 Cast: Beastly Appendage |    31 |     2 ||    33
  Use: Potion            |       |     1 ||     1
 Stab: Sleeping          |     4 |       ||     4
Armor: Skin              |    35 |     4 ||    39
Dodge: Dodged            |    54 |    21 ||    75

Table legend: (Time is in decaauts)
 A = Elapsed time spent in this place.
 B = Non-inter-level travel time spent in this place.
 C = Inter-level travel time spent in this place.
 D = Time resting spent in this place.
 E = Time spent auto-exploring this place.
 F = Levels seen in this place.
 G = Mean time per level.
                   A        B        C        D        E       F      G
               +--------+--------+--------+--------+--------+-----+--------+
         Total |   2746 |   2590 |    156 |     42 |   1906 |   4 |  686.5 |
       Dungeon |   2746 |   2590 |    156 |     42 |   1906 |   4 |  686.5 |
               +--------+--------+--------+--------+--------+-----+--------+

Top non-repeatable levels by time:
     D:1: 1271 daAuts
     D:3: 887 daAuts
     D:2: 568 daAuts
     D:4: 17 daAuts
